 Dungeon Sprint DCSS version 0.29-a0-451-gfbfa42419e (webtiles) character file.

Game seed: 3557258328178091445

25 Pelinal the Changer (level 3, -8/17 HPs)
             Began as a Vine Stalker Transmuter on May 20, 2022.
             Mangled by an ogre
             ... wielding a +0 giant club
              (25 damage)
             ... in the Dungeon (Sprint I: "Red Sonja").
             The game lasted 00:00:58 (85 turns).

Pelinal the Changer (Vine Stalker Transmuter)         Turns: 85, Time: 00:00:58

Health: -8/17      AC:  2    Str: 12    XL:     3   Next: 4%
Magic:  0/7        EV: 20    Int: 13    God:
Gold:   0          SH:  0    Dex: 21    Spells: 0/6 levels left

rFire   . . .      SeeInvis .     - Unarmed
rCold   . . .      Faith    .   (shield currently unavailable)
rNeg    . . .      Spirit   +   (body armour currently unavailable)
rPois   x          Reflect  .   (helmet currently unavailable)
rElec   .          Harm     .   (cloak currently unavailable)
rCorr   .          Rampage  .   (gloves currently unavailable)
Will    .....      NoTele   +   (boots currently unavailable)
Stlth   ++........              (no amulet)
HPRegen 0.05/turn               (no ring)
MPRegen 0.10/turn               (no ring)

@: spider-form (expiring)
A: venomous fangs, tiny, (fangs 2), magic shield, (antimagic bite), no potion
heal 2
a: End Transformation


You were in the Dungeon.
You were a venomous arachnid creature.
You visited 1 branch

Inventory:

Armour
 a - a +0 robe (melded)
Wands
 f - a wand of acid (13)
Scrolls
 g - a scroll of blinking
Potions
 b - a potion of lignification
 c - a potion of curing
 d - a potion of haste
 e - 2 potions of magic


   Skills:
 - Level 0.8 Fighting
 + Level 2.2 Dodging
 + Level 3.5 Unarmed Combat
 - Level 2.1 Spellcasting
 - Level 5.0 Transmutations
 + Level 1.6 Poison Magic


You couldn't memorise any spells.
You knew the following spells:

 Your Spells              Type           Power      Damage    Failure   Level
a - Beastly Appendage     Tmut           28%        N/A       11%         1
b - Spider Form           Tmut/Pois      10%        N/A       38%         3
z - Wereblood             Tmut           14%        N/A       14%         2

Your spell library contained the following spells:

 Spells                   Type           Power      Damage    Failure   Level
 Ice Form                 Ice/Tmut       7%         N/A       83%         4


Dungeon Overview and Level Annotations

Branches:
Dungeon (1/1)

Altars:


Innate Abilities, Weirdness & Mutations

You are a venomous arachnid creature.
You have poisonous fangs.
You are tiny and dextrous.
Your spellcasting is less reliable in this form.
Your armour is entirely melded.
You are incapable of wielding weapons or throwing items.
((You have extremely sharp teeth.))
When hurt, damage is shared between your health and your magic reserves.
((Your bite disrupts and absorbs the magic of your enemies.))
Potions cannot restore your health.


Message History

Adjust (i)tems, (s)pells, or (a)bilities?
Adjust which spell? c - Wereblood Adjust to which letter? z - Wereblood Unknown command.
Casting: Beastly Appendage (safe; 3% risk of failure)
Confirm with . or Enter, or press ? or * to list all spells.
The spell is potentially lethal to miscast (19% risk of failure)!
Continue anyway?
Okay, then.
Casting: Spider Form (potentially lethal; 19% risk of failure)
Confirm with . or Enter, or press ? or * to list all spells.
The spell is potentially lethal to miscast (19% risk of failure)!
Continue anyway?
You turn into a venomous arachnid creature.
Your +0 robe melds into your body.
Your transformation is almost over.
Unknown command.
Unknown command.
You open the door.
An ogre comes into view. It is wielding a +0 giant club.
The ogre shouts!
There is an open door here.
You hit the ogre.
The ogre is lightly wounded.
The ogre completely misses you.
You hit the ogre.
The ogre is poisoned.
The ogre is lightly wounded.
You hit the ogre.
The ogre looks as sick as possible!
The ogre is moderately wounded.
The ogre completely misses you.
You hit the ogre but do no damage.
The ogre looks as sick as possible!
The ogre is moderately wounded.
You bite the ogre!
The ogre looks as sick as possible!
The ogre is severely wounded.
The ogre misses you.
You hit the ogre.
The ogre looks as sick as possible!
The ogre is almost dead.
The ogre hits you with a +0 giant club!!
Ouch! That really hurt!
You die...

##########
#<.#..sO.#
#..)..#..+
#..#####+#
#..# #..#
#..# #⌠⌠#
####


You could see an ogre (extremely poisoned).

Vanquished Creatures
  Ijyb (D)
1 creature vanquished.

Notes
Turn   | Place    | Note
-------+----------+-------------------------------------------
     0 | D        | Pelinal the Vine Stalker Transmuter began the quest for the
                  | Orb.
     0 | D        | Reached XP level 1. HP: 9/9 MP: 4/4
     2 | D        | Noticed Ijyb
     6 | D        | Killed Ijyb
     7 | D        | Reached skill level 5 in Transmutations
     7 | D        | Reached skill level 1 in Poison Magic
     7 | D        | Reached XP level 2. HP: 14/14 MP: 6/6
     7 | D        | Reached XP level 3. HP: 17/17 MP: 7/7
    74 | D        | Learned a level 3 spell: Spider Form
    77 | D        | Learned a level 2 spell: Wereblood
    79 | D        | Noticed an ogre
    85 | D        | Mangled by an ogre

Illustrated notes

Levels and vault maps discovered:
D:        dungeon_sprint_1 [red_sonja_temple_1, red_sonja_temple_small_1]

Skill      XL: |  1 |
---------------+----+-----
Transmutations | 5 |  5.0
Dodging        | 2 |  2.2
Poison Magic   | 1 |  1.6
Fighting       | |  0.8
Unarmed Combat | |  3.5
Spellcasting   | |  2.1

Action                   || total
-------------------------++-------
Melee: Unarmed           ||     8
       Kick              ||     1
       Bite              ||     1
 Cast: Beastly Appendage ||     1
       Spider Form       ||     1
  Use: Potion            ||     1
Dodge: Dodged            ||     3

Table legend: (Time is in decaauts)
 A = Elapsed time spent in this place.
 B = Non-inter-level travel time spent in this place.
 C = Inter-level travel time spent in this place.
 D = Time resting spent in this place.
 E = Time spent auto-exploring this place.
 F = Levels seen in this place.
 G = Mean time per level.
                   A        B        C        D        E       F      G
               +--------+--------+--------+--------+--------+-----+--------+
         Total |     93 |     93 |      0 |     64 |      0 |   1 |   93.0 |
       Dungeon |     93 |     93 |      0 |     64 |      0 |   1 |   93.0 |
               +--------+--------+--------+--------+--------+-----+--------+

Top non-repeatable levels by time:
       D: 93 daAuts
